 Dungeon Crawl Stone Soup version 0.31-a0-355-g57cb03d3e8 (webtiles) character file.

Game seed: 6037081823093653904

16 randomguy2701 the Chopper (level 2, -3/27 HPs)
             Began as a Hill Orc Monk on July 24, 2023.
             Slain by an iguana (8 damage)
             ... on level 2 of the Dungeon.
             The game lasted 00:01:53 (1005 turns).

randomguy2701 the Chopper (Hill Orc Monk)           Turns: 1005, Time: 00:01:54

Health: -3/27      AC:  8    Str: 13    XL:     2   Next: 58%
Magic:  2/2        EV:  7    Int: 10    God:
Gold:   104        SH:  0    Dex: 13    Spells: 1/1 levels left

rFire   . . .        a - +0 hand axe
rCold   . . .        d - orb {light}
rNeg    . . .        b - +0 chain mail
rPois   .            (no helmet)
rElec   .            (no cloak)
rCorr   .            (no gloves)
SInv    .            (no boots)
Will    .....        (no amulet) Stlth
                     (no ring)
HPRegen 0.24/turn    (no ring)
MPRegen 0.08/turn

%: no passive effects
@: glowing
A: no striking features
a: no special abilities


You were on level 2 of the Dungeon.
You visited 1 branch of the dungeon, and saw 2 of its levels.

You collected 104 gold pieces.

Inventory:

Hand Weapons
 a - a +0 hand axe (weapon)
Armour
 b - a +0 chain mail (worn)
 d - an orb of light (worn)
Jewellery
 i - a ring of resist corrosion
Scrolls
 e - 2 scrolls of identify {unknown}
 f - a scroll of teleportation {unknown}
 h - a scroll of brand weapon {unknown}
Potions
 c - a potion of ambrosia
 g - a potion of mutation {unknown}


   Skills:
 + Level 3.9 Fighting
 * Level 4.5 Axes
 + Level 0.8 Armour
 - Level 2.5 Dodging


You had one spell level left.
You didn't know any spells.
Your spell library was empty.

Dungeon Overview and Level Annotations

Branches:
Dungeon (2/15)

Altars:


Message History

An iguana comes into view.
The iguana hisses angrily.
An iguana is nearby!
Found a scroll labelled LOEQENK BYZU.
Found 9 gold pieces.
The iguana bites you but does no damage.
You hit the iguana but do no damage. The iguana bites you.
You barely miss the iguana. The iguana bites you.
You hit the iguana.
The iguana is lightly wounded.
The iguana closely misses you.
You hit the iguana but do no damage.
The iguana is lightly wounded.
The iguana bites you but does no damage.
You hit the iguana but do no damage.
The iguana is lightly wounded.
The iguana bites you but does no damage.
You hit the iguana.
The iguana is moderately wounded.
The iguana bites you.
You hit the iguana.
The iguana is severely wounded.
The iguana bites you!
* * * LOW HITPOINT WARNING * * *
You are too injured to fight recklessly!
You are too injured to fight recklessly!
You are too injured to fight recklessly!
You are too injured to fight recklessly!
You are too injured to fight recklessly!
You are too injured to fight recklessly!
You are too injured to fight recklessly!
You are too injured to fight recklessly!
An iguana is nearby!
You hit the iguana.
The iguana is severely wounded.
The iguana bites you but does no damage.
You hit the iguana.
The iguana is severely wounded.
The iguana barely misses you. The iguana bites you!
You die...

..... .... ... ... #.# #
#.# ###.### #.
#.###......$ #..
#...@l...... #..#
#.###....... ...# #.##
##..?.. ...## #..#
.###...
....##########.##..#####
...........# #........
.....#####.# #.##..###
.....# #.# #.##..#
....## #.###.##..#


You could see an iguana.

Vanquished Creatures
  A giant cockroach (D:1)
  A goblin (D:1)
  A hobgoblin (D:1)
  2 quokkas (D:1)
  7 ball pythons
  4 frilled lizards (D:1)
  A kobold (D:1)
  A rat (D:1)
18 creatures vanquished.

Notes
Turn   | Place    | Note
-------+----------+-------------------------------------------
     0 | D:1      | randomguy2701 the Hill Orc Monk began the quest for the
                  | Orb.
     0 | D:1      | Reached XP level 1. HP: 19/19 MP: 1/1
   369 | D:1      | Reached XP level 2. HP: 26/27 MP: 2/2
  1005 | D:2      | Slain by an iguana

Illustrated notes

Levels and vault maps discovered:
D:1:      scummos_arrival_checkerplants, layout_basic, serial_corexii_hall,
          corexii_hall_statues_u, corexii_hall_statues_l, minivault_4
D:2:      layout_loops_ring, hellmonk_ecumenical_altar_zigzags,
          minmay_misc_feat_five, kennysheep_small_spiral

Action                     || total
---------------------------++-------
  Melee: Hand axe          ||    59
 Armour: Scale mail        ||     9
         Chain mail        ||     7
  Dodge: Dodged            ||    26

Table legend: (Time is in decaauts)
 A = Elapsed time spent in this place.
 B = Non-inter-level travel time spent in this place.
 C = Inter-level travel time spent in this place.
 D = Time resting spent in this place.
 E = Time spent auto-exploring this place.
 F = Levels seen in this place.
 G = Mean time per level.
                   A        B        C        D        E       F      G
               +--------+--------+--------+--------+--------+-----+--------+
         Total |   1010 |    983 |     27 |      0 |    840 |   2 |  505.0 |
       Dungeon |   1010 |    983 |     27 |      0 |    840 |   2 |  505.0 |
               +--------+--------+--------+--------+--------+-----+--------+

Top non-repeatable levels by time:
     D:1: 937 daAuts
     D:2: 72 daAuts
